 Dungeon Crawl Stone Soup version 0.22.1-2-g9c5b331 (webtiles) character file.

2614 troglodite the Skirmisher (level 9, -1/106 HPs)
             Began as a Demonspawn Berserker on Dec 13, 2018.
             Was an Elder of Trog.
             Slain by Grum
             ... wielding a -2 spear
              (6 damage)
             ... on level 8 of the Dungeon.
             The game lasted 00:19:54 (8375 turns).

troglodite the Skirmisher (Demonspawn Berserker)    Turns: 8375, Time: 00:19:55

Health: -1/106     AC:  7    Str: 26    XL:     9   Next: 34%
Magic:  9/9        EV:  9    Int: 10    God:    Trog [****..]
Gold:   192        SH: 16    Dex: 15    Spells: 8/8 levels left

rFire    + + +     SeeInvis .   J - +7 flail "Animme" {pain, *Rage rF++}
rCold    . . .     Gourm    .   x - +0 large shield
rNeg     . . .     Faith    .   H - +1 ring mail of the Moon {Str+4 Stlth+}
rPois    .         Spirit   .   g - +0 hat
rElec    .         Reflect  .   (no cloak)
rCorr    .         Harm     .   (no gloves)
MR       .....     Rnd*Rage +   (no boots)
Stlth    ..........             (no amulet)
HPRegen  0.27/turn              d - ring of protection from fire
MPRegen  0.11/turn              n - ring of stealth

@: berserking, very quick
A: claws 1, horns 1, talons 2, powered by death 1, spiny 1
a: Berserk, Trog's Hand, Brothers in Arms, Renounce Religion


You were on level 8 of the Dungeon.
You worshipped Trog.
Trog was greatly pleased with you.
You were very hungry.

You visited 1 branch of the dungeon, and saw 8 of its levels.

You collected 442 gold pieces.
You spent 250 gold pieces at shops.

Inventory:

Hand Weapons
 a - a +0 falchion
 A - the +6 flail of Qaddemanu {freeze, +Blink rPois}
   (You bought it in a shop on level 4 of the Dungeon)

   It has been specially enchanted to freeze those struck by it, causing extra
   injury to most foes and up to half again as much damage against particularly
   susceptible opponents.
   It can also slow down cold-blooded creatures.
   It protects you from poison.
   It lets you blink.
 J - the +7 flail "Animme" (weapon) {pain, *Rage rF++}
   (You found it on level 7 of the Dungeon)

   In the hands of one skilled in necromantic magic, it inflicts extra damage on
   living creatures.
   It greatly protects you from fire.
   It may make you go berserk in combat.
Armour
 g - a +0 hat (worn)
 x - a +0 large shield (worn)
 H - the +1 ring mail of the Moon (worn) {Str+4 Stlth+}
   (You found it on level 6 of the Dungeon)

   It affects your strength (+4).
   It makes you more stealthy.
Jewellery
 d - a ring of protection from fire (left claw)
 n - a ring of stealth (right claw)
Wands
 b - a wand of enslavement (10)
 v - a wand of flame (19)
 z - a wand of random effects (90)
Scrolls
 e - 2 scrolls of blinking {unknown}
 h - 6 scrolls of remove curse
 j - a scroll of noise {unknown}
 k - 7 scrolls of identify {unknown}
 l - a scroll of amnesia {unknown}
 p - 2 scrolls of magic mapping {unknown}
 q - 4 scrolls of teleportation {unknown}
 s - 4 scrolls of enchant armour {unknown}
 y - 2 scrolls of enchant weapon {unknown}
 B - 2 scrolls of random uselessness {unknown}
 F - a scroll of immolation {unknown}
Potions
 f - 2 potions of brilliance {unknown}
 i - 2 potions of magic {unknown}
 m - 3 potions of curing {unknown}
 o - 4 potions of agility {unknown}
 r - 2 potions of cancellation {unknown}
 t - a potion of mutation {unknown}
 u - a potion of might {unknown}
 w - 4 potions of heal wounds
 C - 2 potions of resistance {unknown}
 D - a potion of ambrosia {unknown}
 E - 3 potions of degeneration {unknown}
 I - 2 potions of flight {unknown}
Comestibles
 c - 5 rations
 G - 7 chunks of flesh


   Skills:
 * Level 6.5 Fighting
 + Level 4.4 Long Blades
 + Level 3.7 Maces & Flails
 * Level 5.3 Armour
 * Level 4.3 Dodging
 + Level 2.4 Stealth
 * Level 5.4 Shields


You had 8 spell levels left.
You didn't know any spells.
Your spell library was empty.

Dungeon Overview and Level Annotations

Branches:
Dungeon (8/15)             Temple (0/1) D:4
   Lair: D:8-11

Altars:
Gozag
Hepliaklqana

Shops:
D:4 *   D:6 !

Annotations:
D:8 Grum


Innate Abilities, Weirdness & Mutations

You have sharp fingernails.
You have a pair of small horns on your head.
You have razor-sharp toenails.
You regenerate a little health from kills.
You are partially covered in sharp spines.


Message History

You are too injured to fight recklessly!
Unknown command.
A red film seems to cover your vision as you go berserk!
You feel yourself moving faster!
You feel mighty!
You are feeling hungry.
You are feeling very hungry.
You block the wolf's attack. x2; The wolf bites you.
Grum completely misses The wolf bites you!
* * * LOW HITPOINT WARNING * * *
The wolf bites you.
* * * LOW HITPOINT WARNING * * *
You block the wolf's attack.
You barely miss the wolf. Your kick misses the wolf.
Your headbutt misses the wolf.
The wolf is lightly wounded.
You block the wolf's attack. The wolf bites you!
* * * LOW HITPOINT WARNING * * *
The wolf bites you!
* * * LOW HITPOINT WARNING * * *
Grum hits you from afar with a spear.
You die...

#..#
##..................#.#
..#
##.........)....#..# #
## ####+###.....###..#
#.....#.#.### .#
#.⌠.⌠.#.#.## .#
+..8..#.#..# .
#.⌠.g.#.##.# #.
#.hhh.#.##.#
###@###....##
##.)...##....#
##......(##...#
##......#####..#
#....####...#..#
#..###.⌠....#..#
+........)#.'..#
#..###..[...#..# #...
####...#..#


You could see Grum and 3 wolves.

Vanquished Creatures
  A sky beast (D:6)
  3 orc warriors
  A black bear (D:7)
  An ice beast (D:7)
  2 phantoms
  A wolf (D:8)
  2 ogres
  A centaur (D:6)
  A big kobold (D:7)
  A wyvern zombie (D:5)
  2 bullfrogs
  3 scorpions
  3 wights (D:8)
  A howler monkey (D:6)
  4 crimson imps
  3 bullfrog skeletons
  A jelly (D:4)
  2 hounds
  2 centaur skeletons
  2 orc priests (D:4)
  6 orc wizards
  Ijyb (D:4)
  2 iguanas
  2 worker ants
  A hound skeleton (D:3)
  Robin (D:4)
  7 adders
  2 howler monkey skeletons
  2 shadow imps
  2 oozes
  An adder skeleton (D:7)
  3 worms
  2 dart slugs (D:1)
  6 leopard geckos
  32 orcs
  7 bats
  A giant cockroach (D:6)
  12 goblins
  5 hobgoblins
  13 jackals
  7 kobolds
  4 quokkas
  2 ball pythons
  2 frilled lizards
  A leopard gecko skeleton (D:6)
  A quokka skeleton (D:4)
  8 rats
170 creatures vanquished.

Notes
Turn   | Place    | Note
-------+----------+-------------------------------------------
     0 | D:1      | troglodite the Demonspawn Berserker began the quest for the
                  | Orb.
     0 | D:1      | Reached XP level 1. HP: 18/18 MP: 1/1
   103 | D:1      | Gained mutation: You regenerate a little health from kills.
                  | [demonic ancestry]
   103 | D:1      | Reached XP level 2. HP: 17/24 MP: 2/2
  1276 | D:2      | Reached XP level 3. HP: 28/29 MP: 3/3
  2628 | D:3      | Gained mutation: You have sharp toenails. [demonic
                  | ancestry]
  2628 | D:3      | Reached XP level 4. HP: 21/37 MP: 4/4
  2909 | D:3      | Reached ** piety under Trog
  3104 | D:3      | Reached skill level 4 in Fighting
  3349 | D:3      | Gained mutation: You have sharp fingernails. [demonic
                  | ancestry]
  3349 | D:3      | Reached XP level 5. HP: 42/42 MP: 5/5
  3381 | D:3      | Reached skill level 1 in Stealth
  3905 | D:4      | Gained mutation: You have razor-sharp toenails. [demonic
                  | ancestry]
  3905 | D:4      | Reached XP level 6. HP: 16/49 MP: 6/6
  4420 | D:4      | Found a staircase to the Ecumenical Temple.
  4472 | D:4      | Noticed Robin
  4485 | D:4      | Killed Robin
  4597 | D:4      | Noticed Ijyb
  4610 | D:4      | Killed Ijyb
  4624 | D:4      | Found Qefaevit's Assorted Antiques.
  4633 | D:4      | Bought a jewelled flail for 195 gold pieces
  4633 | D:4      | Identified the +6 flail of Qaddemanu {freeze, +Blink rPois}
                  | (You bought it in a shop on level 4 of the Dungeon)
  4993 | D:5      | Entered Level 5 of the Dungeon
  5161 | D:5      | Gained mutation: You are partially covered in sharp spines.
                  | [demonic ancestry]
  5161 | D:5      | Reached XP level 7. HP: 46/55 MP: 7/7
  5286 | D:5      | Reached *** piety under Trog
  5288 | D:5      | Reached skill level 1 in Shields
  5348 | D:5      | Reached skill level 5 in Fighting
  5638 | D:6      | Found Healaappe's Distillery.
  5660 | D:6      | Bought a potion of heal wounds for 55 gold pieces
  5678 | D:6      | Reached skill level 1 in Maces & Flails
  5718 | D:6      | Found an opulent altar of Gozag.
  5924 | D:6      | Found a hazy altar of Hepliaklqana.
  6039 | D:6      | Got a crude ring mail
  6050 | D:6      | Identified the +1 ring mail of the Moon {Str+4 Stlth+} (You
                  | found it on level 6 of the Dungeon)
  6119 | D:6      | Gained mutation: You have a pair of small horns on your
                  | head. [demonic ancestry]
  6119 | D:6      | Reached XP level 8. HP: 57/63 MP: 8/8
  7131 | D:7      | Reached **** piety under Trog
  7133 | D:7      | Reached skill level 6 in Fighting
  7492 | D:7      | Reached XP level 9. HP: 64/69 MP: 9/9
  7549 | D:7      | Reached skill level 5 in Armour
  7549 | D:7      | Reached skill level 5 in Shields
  7881 | D:7      | Got a twisted flail
  7882 | D:7      | Identified the +7 flail "Animme" {pain, *Rage rF++} (You
                  | found it on level 7 of the Dungeon)
  8368 | D:8      | Noticed Grum
  8375 | D:8      | HP: 5/106 [wolf[Grum] (10)]
  8375 | D:8      | Slain by Grum

Skill      XL: |  1  2  3  4  5  6  7  8  9 |
---------------+----------------------------+-----
Armour         | 2 3 4 5 |  5.3
Dodging        | 2 3 4 |  4.3
Long Blades    | 3 4 |  4.4
Fighting       | 4 5 6 |  6.5
Stealth        | 1 2 |  2.4
Shields        | 2 4 5 |  5.4
Maces & Flails | 1 3 |  3.7

Action                   |  1- 3 |  4- 6 |  7- 9 || total
-------------------------+-------+-------+-------++-------
Melee: Falchion          |    97 |   142 |       ||   239
       Kick              |       |    50 |    46 ||    96
       Flail             |       |    24 |   175 ||   199
       Headbutt          |       |       |    25 ||    25
Invok: Berserk           |     2 |     7 |     4 ||    13
  Use: Scroll            |       |     1 |       ||     1
 Stab: Sleeping          |     2 |     1 |     6 ||     9
  Eat: Chunk             |     6 |     9 |    13 ||    28
       Ration            |       |     2 |       ||     2
Armor: Animal skin       |    20 |     3 |       ||    23
       Plate armour      |       |    82 |    16 ||    98
       Ring mail         |       |       |    45 ||    45
Dodge: Dodged            |    59 |    30 |    49 ||   138
Block: Large shield      |       |    43 |   174 ||   217
       Rpst.: Falchion   |    19 |     7 |       ||    26
